 Dungeon Crawl Stone Soup version 0.27-a0-732-ga892ba84f6 (webtiles) character file.

Game seed: 7268227040563996972

1941 Atlas the Magician (level 9, -8/58 HPs)
             Began as a Djinni Air Elementalist on Mar 23, 2021.
             Was an Initiate of Gozag.
             Mangled by Joseph
             ... wielding a +0 quarterstaff
              (13 damage)
             ... on level 7 of the Dungeon.
             The game lasted 00:14:33 (10303 turns).

Atlas the Magician (Djinni Air Elementalist)       Turns: 10303, Time: 00:14:34

Health: -8/58      AC: 10    Str:  7    XL:     9   Next: 18%
Magic:  0/0        EV: 15    Int: 20    God:    Gozag
Gold:   369        SH:  0    Dex: 14    Spells: 0/22 levels left

rFire    + + .     SeeInvis .   n - +4 war axe
rCold    x . .     Faith    .   (no shield)
rNeg     . . .     Spirit   .   C - +3 ring mail
rPois    ∞         Reflect  .   (no helmet)
rElec    .         Harm     .   m - +0 cloak
rCorr    .         Rampage  .   (no gloves)
Will     .....                  (boots unavailable)
Stlth    ..........             (no amulet)
HPRegen  0.19/turn              l - +4 ring of evasion
MPRegen  0.00/turn              (no ring)

@: confused, ambrosia-drunk, wereblooded, flying, very slightly contaminated
A: fire resistance 2, cold vulnerability 1, float, innate caster, hp casting,
extra vitality 1
a: Renounce Religion, Potion Petition, Call Merchant, Bribe Branch


You were on level 7 of the Dungeon.
You worshipped Gozag.
Gozag was aware of your devotion.
You visited 2 branches of the dungeon, and saw 8 of its levels.
You also visited: Sewer.

You collected 671 gold pieces.
You spent 142 gold pieces at shops.
You paid 160 gold pieces to Gozag.

Inventory:

Hand Weapons
 d - a +2 short sword of speed
 n - a +4 war axe (weapon)
Armour
 m - a +0 cloak (worn)
 r - a +0 leather armour
 C - a +3 ring mail (worn)
Jewellery
 l - a +4 ring of evasion (right hand)
Wands
 u - a wand of mindburst (7)
 y - a wand of iceblast (7)
 B - a wand of flame (17)
Scrolls
 a - 2 scrolls of random uselessness {unknown}
 b - 4 scrolls of noise
 f - 3 scrolls of fog
 g - a scroll of magic mapping {unknown}
 h - 2 scrolls of vulnerability {unknown}
 j - a scroll of amnesia {unknown}
 k - 3 scrolls of enchant armour {unknown}
 p - 4 scrolls of teleportation {unknown}
 v - a scroll of blinking
 w - a scroll of fear
 x - a scroll of summoning {unknown}
Potions
 c - a potion of ambrosia
 i - 2 potions of attraction {unknown}
 q - 2 potions of might {unknown}
 t - 4 potions of flight
 z - a potion of degeneration {unknown}
 A - a potion of haste {unknown}


   Skills:
 + Level 2.1 Fighting
 + Level 4.3 Axes
 + Level 4.1 Armour
 + Level 4.4 Dodging
 + Level 3.5 Stealth
 + Level 7.0 Spellcasting


You couldn't memorise any spells.
You knew the following spells:

 Your Spells              Type           Power      Damage    Failure   Level
a - Shock                 Conj/Air       100%       1d9       1%          1
b - Swiftness             Air            35%        N/A       2%          2
c - Static Discharge      Conj/Air       35%        N/A       4%          3
d - Airstrike             Air            17%        N/A       16%         4
e - Lightning Bolt        Conj/Air       17%        1d32      41%         5
f - Beastly Appendage     Tmut           70%        N/A       1%          1
g - Wereblood             Tmut           35%        N/A       2%          2
h - Tukima's Dance        Hex            35%        N/A       4%          3
i - Hailstorm             Conj/Ice       35%        3d9       16%         4
Your spell library was empty.

Dungeon Overview and Level Annotations

Branches:
Dungeon (7/15)             Temple (1/1) D:6           Sewer (visited)

Altars:
Ashenzari
Dithmenos
Fedhas
Gozag
Hepliaklqana
Makhleb
Nemelex Xobeh
Okawaru
Qazlal
Trog
Uskayaw
The Shining One

Shops:
D:4 ?

Annotations:
D:7 Joseph


Innate Abilities, Weirdness & Mutations

You are immune to poison.
Your flesh is very heat resistant. (rF++)
You are vulnerable to cold. (rC-)
You float through the air rather than walking.
You learn spells naturally, not from books.
Your magical power is your life essence.
You have superior vitality. (+4 HP)


Message History

Joseph shoots a sling bullet.
The sling bullet hits you!
Casting: Static Discharge (dangerous; 4% risk of failure)
Confirm with . or Enter, or press ? or * to list all spells.
Your blood is infused with primal strength.
Casting: Wereblood (safe; 2% risk of failure)
Confirm with . or Enter, or press ? or * to list all spells.
Aiming: Tukima's Dance (dangerous; 4% risk of failure)
Press: ? - help, Shift-Dir - straight line, f - Joseph
Aim: Joseph, wielding a +0 hunting sling, wearing a +0 leather armour and quivering sling bullets (not susceptible)
Okay, then.
Unknown command.
Joseph shoots a sling bullet.
The sling bullet hits you.
Joseph shoots a sling bullet.
The sling bullet misses you.
Casting: Tukima's Dance (dangerous; 4% risk of failure)
Confirm with . or Enter, or press ? or * to list all spells.
The spell is quite dangerous to cast (41% risk of failure)!
Continue anyway?
Okay, then.
Casting: Lightning Bolt (quite dangerous; 41% risk of failure)
Confirm with . or Enter, or press ? or * to list all spells.
Aiming: Airstrike (dangerous; 16% risk of failure)
Press: ? - help, Dir - move target, f - Joseph
Aim: Joseph, wielding a +0 hunting sling, wearing a +0 leather armour and quivering sling bullets You miscast Airstrike.
You are very lightly contaminated with residual magic.
Nothing appears to happen.
Joseph shoots a sling bullet.
The sling bullet hits you!
Unknown command.
Joseph shoots a sling bullet.
The sling bullet hits you!
* * * LOW HITPOINT WARNING * * *
Joseph says, "I've waited for this moment for such a long time."
Joseph shoots a sling bullet.
The sling bullet hits you!
* * * LOW HITPOINT WARNING * * *
You are confused.
You feel invigorated.
Joseph shoots a sling bullet.
The sling bullet hits you.
* * * LOW HITPOINT WARNING * * *
Joseph shouts, "At last, some action!"
Joseph unwields a +0 hunting sling.
Joseph wields a +0 quarterstaff.
Joseph hits you with a +0 quarterstaff!
You die...
Your body crumbles into a pile of gold.

. #..### ... #...>#
#..... ##.^.. .....8
#. #####.#.. #.o...
#.# #........ # ...
#.# #.###.#.. # .
######## #.###.###.#..
# #.....@#
#.##........# #@#
#.##..###.### ##.##
#.##..###.#
######...###.........#
#.............#..#####
#.####...####.#..#
#### #.# ##.## #.#..#
#..# #.# #.# #.#..#
##.# ####.#####.#
#.#..####### #.#
#.....>....#
#.#.........


You could see Joseph.

Vanquished Creatures
  Duvessa (D:6)
  An orc warrior (D:6)
  A necrophage (D:7)
  2 ogres (D:7)
  A centaur (D:7)
  3 phantoms
  A kobold brigand (Sewer)
  A bullfrog (D:6)
  Dowan (D:6)
  A jelly (D:3)
  A water moccasin skeleton (D:7)
  4 orc priests
  3 hounds (D:6)
  An iguana (D:5)
  An orc wizard (D:7)
  4 worker ants
  A howler monkey zombie (D:6)
  A worker ant zombie (D:6)
  12 adders
  11 gnolls (D:3)
  3 river rats
  A white imp (D:6)
  An ufetubus (D:6)
  3 worms
  A dart slug (D:3)
  20 orcs
  5 giant cockroaches
  3 goblins
  12 hobgoblins
  4 jackals
  4 oozes
  10 quokkas
  3 ball pythons
  5 bats
  5 frilled lizards
  46 kobolds
  12 rats
190 creatures vanquished.

Vanquished Creatures (collateral kills)
  Edmund (D:6)
1 creature vanquished.

Vanquished Creatures (others)
  2 dancing weapons (D:6)
  A bullfrog (D:6)
  An orc wizard (D:6)
4 creatures vanquished.

Grand Total: 195 creatures vanquished

Notes
Turn   | Place    | Note
-------+----------+-------------------------------------------
     0 | D:1      | Atlas the Djinni Air Elementalist began the quest for the
                  | Orb.
     0 | D:1      | Reached XP level 1. HP: 15/15 MP: 0/0
   248 | D:1      | Reached skill level 3 in Spellcasting
   248 | D:1      | Reached XP level 2. HP: 6/21 MP: 0/0
  1169 | D:2      | Reached XP level 3. HP: 22/25 MP: 0/0
  1169 | D:2      | Learned a level 1 spell: Beastly Appendage
  1760 | D:2      | Reached XP level 4. HP: 27/31 MP: 0/0
  2084 | D:2      | Reached skill level 4 in Spellcasting
  2895 | D:3      | Reached XP level 5. HP: 26/35 MP: 0/0
  2895 | D:3      | Learned a level 2 spell: Wereblood
  4015 | D:3      | Found an iron altar of Okawaru.
  4245 | D:3      | Reached skill level 5 in Spellcasting
  4245 | D:3      | Reached XP level 6. HP: 23/40 MP: 0/0
  5700 | D:4      | Found a stormy altar of Qazlal.
  5858 | D:4      | Reached skill level 1 in Armour
  5864 | D:4      | Reached XP level 7. HP: 26/46 MP: 0/0
  5864 | D:4      | Learned a level 3 spell: Tukima's Dance
  6059 | D:4      | Found Refat's Magic Scroll Emporium.
  6171 | D:4      | Found a glowing drain.
  6175 | Sewer    | Entered a sewer
  6338 | Sewer    | Reached skill level 1 in Axes
  6397 | Sewer    | Found a glowing silver altar of Zin.
  6541 | D:4      | Bought a scroll of blinking for 82 gold pieces
  6541 | D:4      | Bought a scroll of fear for 38 gold pieces
  6541 | D:4      | Bought a scroll of identify for 22 gold pieces
  7023 | D:5      | Entered Level 5 of the Dungeon
  7590 | D:5      | You are sucked into a shaft and drop 2 floors!
  7613 | D:7      | Found a broken altar of Ashenzari.
  7613 | D:7      | Found a hazy altar of Hepliaklqana.
  7613 | D:7      | Found a blossoming altar of Fedhas.
  7722 | D:7      | Reached skill level 1 in Fighting
  7722 | D:7      | Reached skill level 6 in Spellcasting
  7726 | D:7      | Reached XP level 8. HP: 44/52 MP: 0/0
  7795 | D:7      | Noticed Joseph
  8104 | D:6      | Noticed Edmund
  8111 | D:6      | Killed Edmund
  9023 | D:6      | Found a staircase to the Ecumenical Temple.
  9041 | Temple   | Entered the Ecumenical Temple
  9090 | Temple   | Became a worshipper of Gozag Ym Sagoz the Greedy
  9103 | D:6      | Noticed Duvessa
  9107 | D:6      | Noticed Dowan
  9148 | D:6      | Killed Duvessa
  9164 | D:6      | Killed Dowan
  9170 | D:6      | Reached XP level 9. HP: 33/58 MP: 0/0
  9170 | D:6      | Learned a level 4 spell: Hailstorm
  9179 | D:6      | Reached skill level 7 in Spellcasting
 10237 | D:7      | Found a glowing golden altar of the Shining One.
 10301 | D:7      | HP: 1/58 [Joseph/sling bullet (12)]
 10303 | D:7      | Mangled by Joseph

Illustrated notes

Levels and vault maps discovered:
D:1:      lightli_arrival_flooded_house, layout_rooms, minivault_19,
          hangedman_feature_mirror
D:2:      layout_loops_ring
D:3:      minmay_goblin_kobold_castle, layout_basic, okawaru_ov_weapons_minmay,
          minmay_circle_x
D:4:      layout_basic, kennysheep_little_box, gup_sewer_entry_spiral,
          serial_shops, shop_scrolls
D:5:      layout_loops_corners, solitary_fountain
D:6:      layout_gridville, minmay_temple_entry_offerings, uniq_edmund,
          uniq_duvessa
D:7:      layout_loops_ring, lemuel_crystal_altar,
          gammafunk_temple_overflow_claw, minmay_overflow_temple_star_quad,
          roderic_roman_lattice, uniq_joseph
Temple:   dshaligram_water_room_temple

Skill      XL: |  1  2  3  4  5  6  7  8  9 |
---------------+----------------------------+-----
Spellcasting   | 3 4 5 6 7 |  7.0
Stealth        | 2 3 |  3.5
Dodging        | 3 4 |  4.4
Armour         | 1 2 4 |  4.1
Axes           | 2 3 4 |  4.3
Fighting       | 1 2 |  2.1

Action                   |  1- 3 |  4- 6 |  7- 9 || total
-------------------------+-------+-------+-------++-------
Melee: Short sword       |     1 |     5 |       ||     6
       War axe           |       |    12 |    70 ||    82
 Cast: Shock             |    68 |   170 |   122 ||   360
       Static Discharge  |       |     3 |     1 ||     4
       Airstrike         |       |       |     7 ||     7
       Tukima's Dance    |       |       |     4 ||     4
       Wereblood         |       |       |     2 ||     2
  Use: Potion            |       |     1 |     7 ||     8
       Scroll            |       |       |     5 ||     5
 Stab: Sleeping          |       |       |     1 ||     1
       Invisible         |       |       |     1 ||     1
Armor: Robe              |     5 |     4 |       ||     9
       Leather armour    |       |     5 |     2 ||     7
       Ring mail         |       |       |    43 ||    43
Dodge: Dodged            |     9 |    54 |   130 ||   193

Table legend: (Time is in decaauts)
 A = Elapsed time spent in this place.
 B = Non-inter-level travel time spent in this place.
 C = Inter-level travel time spent in this place.
 D = Time resting spent in this place.
 E = Time spent auto-exploring this place.
 F = Levels seen in this place.
 G = Mean time per level.
                   A        B        C        D        E       F      G
               +--------+--------+--------+--------+--------+-----+--------+
         Total |  10333 |  10039 |    294 |    483 |   8276 |   9 | 1148.1 |
       Dungeon |  10017 |   9732 |    285 |    483 |   8035 |   7 | 1431.0 |
        Temple |     58 |     49 |      9 |      0 |     38 |   1 |   58.0 |
         Sewer |    257 |    257 |      0 |      0 |    203 |   1 |  257.0 |
               +--------+--------+--------+--------+--------+-----+--------+

Top non-repeatable levels by time:
     D:3: 3103 daAuts
     D:2: 1545 daAuts
     D:5: 1298 daAuts
     D:6: 1110 daAuts
     D:4: 1082 daAuts
     D:1: 1044 daAuts
     D:7: 832 daAuts
   Sewer: 257 daAuts
  Temple: 58 daAuts
